 Dungeon Crawl Stone Soup version 0.27-a0-287-gd4424db430 (webtiles) character file.

Game seed: 5287329447416769449

23 namelastname112 the Sneak (level 2, -1/26 HPs)
             Began as a Draconian Delver on Feb 9, 2021.
             Slain by a gnoll
             ... wielding a +0 whip
              (8 damage)
             ... on level 3 of the Dungeon.
             The game lasted 00:00:31 (97 turns).

namelastname112 the Sneak (Draconian Delver)          Turns: 97, Time: 00:00:31

Health: -1/26      AC:  4    Str: 14    XL:     2   Next: 75%
Magic:  2/2        EV: 12    Int: 10    God:
Gold:   0          SH:  0    Dex: 12    Spells: 1/1 levels left

rFire    . . .     SeeInvis .   a - +0 falchion
rCold    . . .     Faith    .   (no shield)
rNeg     . . .     Spirit   .   (armour unavailable)
rPois    .         Reflect  .   (helmet restricted)
rElec    .         Harm     .   (no cloak)
rCorr    .         Rampage  .   (no gloves)
Will     .....                  (no boots)
Stlth    +++.......             (no amulet)
HPRegen  0.08/turn              (no ring)
MPRegen  0.08/turn              (no ring)

@: hasted, very quick
A: unfitting armour, cold-blooded, AC +4
a: no special abilities


You were on level 3 of the Dungeon.
You visited 1 branch of the dungeon, and saw 3 of its levels.

Inventory:

Hand Weapons
 a - a +0 falchion (weapon)
Wands
 f - a wand of digging (2)
Scrolls
 b - a scroll of fog
 c - a scroll of magic mapping
 d - a scroll of fear


   Skills:
 + Level 3.6 Fighting
 + Level 2.3 Long Blades
 + Level 2.1 Dodging
 + Level 4.7 Stealth


You had one spell level left.
You didn't know any spells.
Your spell library was empty.

Dungeon Overview and Level Annotations

Branches:
Dungeon (5/15)
 Temple: D:4-7

Altars:


Innate Abilities, Weirdness & Mutations

Your plain brown scales are hard. (AC +4)
You cannot fit into any form of body armour.
You are cold-blooded and may be slowed by cold attacks.


Message History

The jackal closely misses you!
You riposte!
You slice the jackal like a ripe choko!
You annihilate the jackal!!!
You chop the hobgoblin into pieces!
The hobgoblin is moderately wounded!
The hobgoblin hits you! * * * don't die
* * * You take 3 damage, and have 6/26 hp!
You open the hobgoblin but do no damage!
The hobgoblin is moderately wounded!
The hobgoblin hits you but does no damage!
You barely miss the hobgoblin!
The hobgoblin is moderately wounded!
You open the hobgoblin like a pillowcase!
The hobgoblin is severely wounded!
The hobgoblin hits you but does no damage!
You open the hobgoblin like a pillowcase!
You annihilate the hobgoblin!!!
The gnoll hits you with a +0 whip!!! rip

....#....#
#.......#
#†.[>#
#(...#
##.###
##g##
##g##
##g##
##@##
##)## ##.#
###


You could see 3 gnolls.

Vanquished Creatures
  A gnoll (D:3)
  A giant cockroach (D:3)
  A goblin (D:3)
  2 hobgoblins (D:3)
  6 jackals (D:3)
11 creatures vanquished.

Notes
Turn   | Place    | Note
-------+----------+-------------------------------------------
     0 | D:5      | namelastname112 the Draconian Delver began the quest for
                  | the Orb.
     0 | D:5      | Reached XP level 1. HP: 19/19 MP: 1/1
    72 | D:3      | Reached XP level 2. HP: 12/26 MP: 2/2
    97 | D:3      | Slain by a gnoll

Illustrated notes

Levels and vault maps discovered:
D:3:      layout_rooms, serial_bayou_crossing, uniq_natasha
D:4:      kennysheep_spiral_hall, layout_loops_corners, temple_statues,
          minmay_small_thing
D:5:      layout_loops_ring, hangedman_ru_absence, serial_shops, shop, shop,
          nicolae_shop_stone, kennysheep_little_box, grunt_qazlal_sundering,
          uniq_pikel

Skill      XL: |  1 |
---------------+----+-----
Dodging        | 2 |  2.1
Fighting       | |  3.6
Long Blades    | |  2.3
Stealth        | |  4.7

Action                   || total
-------------------------++-------
Melee: Falchion          ||    43
       Tailslap          ||     6
Evoke: Wand              ||     1
  Use: Potion            ||     1
Armor: Skin              ||    14
Dodge: Dodged            ||    37
       Rpst.: Falchion   ||    17

Table legend: (Time is in decaauts)
 A = Elapsed time spent in this place.
 B = Non-inter-level travel time spent in this place.
 C = Inter-level travel time spent in this place.
 D = Time resting spent in this place.
 E = Time spent auto-exploring this place.
 F = Levels seen in this place.
 G = Mean time per level.
                   A        B        C        D        E       F      G
               +--------+--------+--------+--------+--------+-----+--------+
         Total |     90 |     90 |      0 |      0 |     29 |   3 |   30.0 |
       Dungeon |     90 |     90 |      0 |      0 |     29 |   3 |   30.0 |
               +--------+--------+--------+--------+--------+-----+--------+

Top non-repeatable levels by time:
     D:3: 50 daAuts
     D:4: 31 daAuts
     D:5: 8 daAuts
